AoeStats
← DJANGO

Arena

510581004Analyzed
1v1 RM · 2d ago on Oct 1, 2026· 39m 34s· 2 players
Game mode
Random Map
Map size
Tiny (2 player)
Population
200
Speed
Normal
Resources
Standard
Victory
Conquest
Starting age
Dark Age
Ending age
Imperial Age
RankedLock teamsTeams togetherTeam positionsShared explorationLock speedFull tech treeHidden civsTurbo modeCheats
Victory
Defeat
🇺🇸 Spanish · United States
895
+15
🇵🇪 Britons · Peru
872
-15
DJANGO
0:45 Loom
10:53 Feudal Age
11:19 Horse Collar
11:26 Double-Bit Axe
12:35 Gold Mining
13:49 Wheelbarrow
14:44 Man-at-Arms
20:09 Castle Age
19:36 Stone Mining
21:40 Gold Shaft Mining
21:50 Heavy Plow
27:00 Bow Saw
29:04 Padded Archer Armor
28:55 Fletching
30:43 Hand Cart
31:13 Leather Archer Armor
32:18 Pikeman
32:58 Squires
36:43 Imperial Age
34:01 Town Watch
36:50 Husbandry
37:52 Conscription
38:00 Scale Mail Armor
37:44 Cavalier
39:32 Yeomen
VillagerLivesMatter
10:35 Loom
13:27 Feudal Age
17:08 Castle Age
15:01 Horse Collar
16:23 Double-Bit Axe
16:33 Fletching
16:36 Gold Mining
18:39 Bow Saw
30:24 Imperial Age
28:15 Heavy Plow
30:37 Wheelbarrow
34:36 Elite Skirmisher
36:19 Hand Cart
35:49 Town Watch
37:17 Pikeman
37:58 Squires
38:05 Bodkin Arrow
38:11 Padded Archer Armor
Connection lost

Rejoining the realm…

Still unreachable

The connection could not be restored.

Session expired

The server has moved on; the page needs a fresh start.